 Dungeon Crawl Stone Soup version 0.18-a0-1-gfac8111 (webtiles) character file.

30 kae the Insei (level 2, 0/22 HPs)
             Began as a Demigod Transmuter on Oct 30, 2015.
             Slain by an adder (4 damage)
             ... on level 2 of the Dungeon.
             The game lasted 00:00:52 (1349 turns).

kae the Insei (Demigod Transmuter)                  Turns: 1349, Time: 00:00:53

Health: 0/22       AC:  2    Str: 13    XL:     2   Next: 87%
Magic:  7/7        EV: 12    Int: 17    God:
Gold:   41         SH:  0    Dex: 16    Spells: 1 memorised, 3 levels left

rFire  . . .     SeeInvis .       - Unarmed
rCold  . . .     Clarity  .     b - +0 robe
rNeg   . . .     SustAt   +     (no shield)
rPois  .         Gourm    .     (no helmet)
rElec  .         Spirit   .     (no cloak)
rCorr  .         Warding  .     (no gloves)
rMut   .         Stasis   .     (no boots)
MR     .....                    (no amulet)
Stlth  +.........               (no ring)
                                (no ring)

@: lethally poisoned (0 -> -5), not resistant to hostile enchantments, very
unstealthy
A: high mp 1, sustain attributes
a: no special abilities


You were on level 2 of the Dungeon.
You were hungry.

You visited 1 branch of the dungeon, and saw 2 of its levels.

You collected 41 gold pieces.

Inventory:

Missiles
 a - 12 arrows
Armour
 b - a +0 robe (worn)
Jewellery
 e - an uncursed ring of fire
Scrolls
 h - a scroll of blinking {unknown}
 j - 2 scrolls of identify {unknown}
 l - a scroll of random uselessness {unknown}
Potions
 i - a potion of heal wounds {unknown}
 m - a potion of poison {unknown}
Books
 c - a book of Changes

   Spells                             Type                      Level
   a - Beastly Appendage              Transmutation                1
   b - Sticks to Snakes               Transmutation                2
   c - Spider Form                    Transmutation/Poison         3
   d - Ice Form                       Ice/Transmutation            4
   e - Blade Hands                    Transmutation                5
Comestibles
 d - a bread ration
 f - a slice of pizza
 g - a meat ration
 k - 2 beef jerkies


   Skills:
 - Level 0.8 Fighting
 - Level 1.7 Dodging
 + Level 3.8 Unarmed Combat
 - Level 1.7 Spellcasting
 - Level 1.7 Transmutations


You had 3 spell levels left.
You knew the following spells:

 Your Spells              Type           Power        Failure   Level  Hunger
a - Beastly Appendage     Trmt           #.....       12%         1    #......


Dungeon Overview and Level Annotations

Branches:
Dungeon (2/15)


Innate Abilities, Weirdness & Mutations

You have an increased reservoir of magic (+10% MP).
Your attributes are resistant to harm.


Message History

An adder and a goblin come into view.
The goblin shoots a stone.
The stone closely misses you.
The goblin shouts!
Found a stone staircase leading down.
The adder bites you.
You barely miss the adder. The adder barely misses you.
You closely miss the adder. The adder closely misses you.
The goblin unwields an uncursed hunting sling.
The goblin misses you. The goblin hits you with a club.
You punch the adder!
The adder is heavily wounded.
The adder barely misses you. The adder bites you.
You are poisoned.
The adder poisons you!
You closely miss the adder.
The adder is heavily wounded.
You feel sick. The goblin hits you but does no damage. The goblin hits you.
* * * LOW HITPOINT WARNING * * *
The adder bites you.
You die...

#.....# #.....#
#>....# ###### #.....#
#....### #.....#
###.##..[# #.....#
###...#..... #...gS#
##...#......#
#...g@####..###......#
##.....(†#.## #......#
#.....((..# ###.##..
#$.....##### ##.####
#.####(## ...# #. #...
#.....# . #.##. ## #.#
#.. . .(.
.##..##.##### ._.
.........####


You could see an adder and 2 goblins.

Vanquished Creatures
  2 giant cockroaches (D:1)
  4 hobgoblins
  4 kobolds (D:1)
  A quokka (D:2)
  8 bats
  A giant newt (D:1)
  4 goblins (D:1)
  9 rats
33 creatures vanquished.

Notes
Turn   | Place    | Note
--------------------------------------------------------------
     0 | D:1      | kae the Demigod Transmuter began the quest for the Orb.
     0 | D:1      | Reached XP level 1. HP: 15/15 MP: 5/5
    89 | D:1      | Reached skill level 3 in Unarmed Combat
   178 | D:1      | Reached XP level 2. HP: 16/22 MP: 7/7
  1343 | D:2      | Found a radiant altar of Vehumet.
  1349 | D:2      | Slain by an adder

Vault maps used:
D:1:      sevenhm_arrival_forest_fort_small_5, minmay_misc_feat_doors,
          minmay_misc_feat_pillars
D:2:      nicolae_overflow_crystal_walls, minmay_distorted

Action                   || total
-------------------------++-------
Melee: Unarmed           ||    98
 Cast: Beastly Appendage ||     5
 Stab: Sleeping          ||     4
  Eat: Chunk             ||     1
